 Dungeon Crawl Stone Soup version 0.31.0-11-ge490571c62 (webtiles) character file.

Game seed: 2540684265220705474

219 Arcadio the Chiller (level 5, -2/35 HPs)
             Began as a Merfolk Ice Elementalist on Jan 31, 2024.
             Slain by a centaur (6 damage)
             ... on level 5 of the Dungeon.
             The game lasted 00:04:09 (2066 turns).

Arcadio the Chiller (Merfolk Ice Elementalist)      Turns: 2066, Time: 00:04:10

Health: -2/35      AC:  3    Str: 13 (14) XL:     5   Next: 96%
Magic:  1/10       EV: 13    Int: 15 (16) God:
Gold:   117        SH:  0    Dex: 12 (15) Spells: 4/11 levels left

rFire   . . .        c - +2 dagger (freeze)
rCold   + . .        (no shield)
rNeg    . . .        a - +0 robe
rPois   .            (no helmet)
rElec   .            n - +0 cloak {rCorr}
rCorr   +            (no gloves)
SInv    .            (no boots)
Will    .....        (no amulet)
Stlth   ++           g - +6 ring of strength
HPRegen 0.25/turn    q - ring of protection from cold
MPRegen 0.12/turn

%: no passive effects
@: no status effects
A: (nimble swimmer 2), mertail
a: no special abilities


You were on level 5 of the Dungeon.
You visited 1 branch of the dungeon, and saw 4 of its levels.

You collected 117 gold pieces.

Inventory:

Hand Weapons
 c - a +2 dagger of freezing (weapon)
Armour
 a - a +0 robe (worn)
 n - a +0 cloak of preservation (worn)
Jewellery
 g - a +6 ring of strength (left hand)
 q - a ring of protection from cold (right hand)
Scrolls
 e - a scroll of identify {unknown}
 h - 2 scrolls of teleportation {unknown}
 i - a scroll of summoning {unknown}
 k - a scroll of silence {unknown}
 o - a scroll of enchant weapon {unknown}
 p - a scroll of vulnerability {unknown}
Potions
 b - a potion of magic
 d - 2 potions of degeneration
 f - a potion of heal wounds {unknown}
 j - a potion of resistance {unknown}
 l - a potion of mutation {unknown}
 m - a potion of ambrosia {unknown}


   Skills:
 + Level 5.1 Dodging
 - Level 2.1 Stealth
 + Level 3.5 Spellcasting
 + Level 5.6 Ice Magic


You had 4 spell levels left.
You knew the following spells:

 Your Spells              Type           Power      Damage    Failure   Level
a - Freeze                Ice            76%        1d8       1%          1
b - Frozen Ramparts       Ice            38%        1d6       5%          3
c - Ozocubu's Armour      Ice            19%        N/A       5%          3

Your spell library contained the following spells:

 Spells                   Type           Power      Damage    Failure   Level
 Summon Ice Beast         Ice/Summ       11%        N/A       19%         3


Dungeon Overview and Level Annotations

Branches:
Dungeon (3/15)

Altars:
Zin

Shops:
D:3 *


Innate Abilities, Weirdness & Mutations

((You are very nimble when in or above water. (Stealth+, EV+, Speed+++)))
Your lower body shifts to a powerful aquatic tail in water.


Message History

Press: ? - help, Shift-Dir - straight line, f/p - centaur
Aim: a centaur (lightly wounded)
You freeze the centaur.
The centaur is moderately wounded.
The centaur hits you but does no damage.
The centaur kicks you but does no damage.
You hit the centaur. You freeze the centaur.
The centaur is moderately wounded.
The centaur misses you. The centaur closely misses you. The centaur hits you.
The centaur kicks you.
You hit the centaur. You freeze the centaur.
The centaur is moderately wounded.
The centaur closely misses you. The centaur barely misses you.
You hit the centaur. You freeze the centaur.
The centaur is heavily wounded.
The centaur hits you. The centaur kicks you. The centaur misses you.
The centaur closely misses you.
You hit the centaur. You freeze the centaur.
The centaur is heavily wounded.
The centaur closely misses you. The centaur barely misses you.
You barely miss the centaur.
The centaur is heavily wounded.
The centaur barely misses you. The centaur misses you. x3
You hit the centaur but do no damage.
The centaur is heavily wounded.
The centaur hits you but does no damage.
The centaur misses you.
You hit the centaur. You freeze the centaur.
The centaur is heavily wounded.
The centaur closely misses you.
The centaur kicks you but does no damage.
The centaur hits you.
* * * LOW HITPOINT WARNING * * *
The centaur kicks you.
* * * LOW HITPOINT WARNING * * *
It was a potion of degeneration.
There was something very wrong with that liquid.
You feel weakened.
You feel dopey.
You feel clumsy. The centaur hits you.
You die...

. #..##.##?....#
##..##............##
.....................##
......##..............##
.......##...............
........##..............
........#..............#
............####........
...........##..#@.......
...............c........
......)....).##.........
....#..!....###......#..
... #....##.# #......# .
..S......#.............
..##.....#....##.......#
#...................#
......$............#


You could see a centaur.

Vanquished Creatures
  A centaur (D:5)
  Crazy Yiuf (D:2)
  An iguana (D:5)
  A ribbon worm (D:3)
  A dart slug (D:3)
  8 endoplasms
  2 giant cockroaches
  7 goblins
  7 hobgoblins
  8 jackals
  8 kobolds
  3 quokkas
  6 ball pythons
  12 bats
  A frilled lizard (D:1)
  5 rats
72 creatures vanquished.

Notes
Turn   | Place    | Note
-------+----------+-------------------------------------------
     0 | D:1      | Arcadio the Merfolk Ice Elementalist began the quest for
                  | the Orb.
     0 | D:1      | Reached XP level 1. HP: 13/13 MP: 3/3
   160 | D:1      | Reached XP level 2. HP: 14/19 MP: 5/5
   490 | D:1      | Reached XP level 3. HP: 14/24 MP: 6/6
   494 | D:1      | Learned a level 3 spell: Frozen Ramparts
   742 | D:2      | Found a runed translucent door.
   743 | D:2      | Noticed Crazy Yiuf
   855 | D:2      | Learned a level 3 spell: Ozocubu's Armour
  1081 | D:2      | Reached XP level 4. HP: 14/30 MP: 6/8
  1168 | D:2      | Reached skill level 5 in Ice Magic
  1400 | D:2      | Killed Crazy Yiuf
  1577 | D:3      | Found a glowing silver altar of Zin.
  1577 | D:3      | Found Zin's Purification Station.
  1725 | D:3      | Found a faded altar of an unknown god.
  2020 | D:3      | You fall into a shaft and drop 2 floors!
  2020 | D:5      | Entered Level 5 of the Dungeon
  2023 | D:5      | Noticed a water moccasin
  2029 | D:5      | Noticed a centaur
  2042 | D:5      | Killed a centaur
  2043 | D:5      | Reached skill level 5 in Dodging
  2043 | D:5      | Reached XP level 5. HP: 28/35 MP: 1/10
  2047 | D:5      | Noticed a centaur
  2066 | D:5      | Slain by a centaur

Illustrated notes

Levels and vault maps discovered:
D:1:      erik_arrival_blinker_ship, layout_loops_ring
D:2:      kennysheep_six_static_rooms, layout_rooms, st_stairs_8,
          uniq_crazy_yiuf_cottage
D:3:      layout_rooms, nemelex_dance_club_becter, zin_purify,
          basic_ecumenical_altar
D:5:      layout_cave_pools, xom_redecorated, nicolae_vehumet_radiance,
          minmay_misc_feat_more_columns, minmay_misc_feat_roman,
          minmay_manual_mares

Skill      XL: |  1  2  3  4 |
---------------+-------------+-----
Dodging        | 3 5 |  5.1
Ice Magic      | 5 |  5.6
Spellcasting   | 3 |  3.5
Stealth        | |  2.1

Action                     |  1- 3 |  4- 6 || total
---------------------------+-------+-------++-------
  Melee: Dagger            |    84 |    42 ||   126
   Cast: Freeze            |     6 |    24 ||    30
         Frozen Ramparts   |     2 |     2 ||     4
         Ozocubu's Armour  |       |     1 ||     1
    Use: Potion            |       |     1 ||     1
   Stab: Sleeping          |     9 |     2 ||    11
 Armour: Robe              |    36 |    52 ||    88
  Dodge: Dodged            |    66 |    78 ||   144
